 Dungeon Crawl Stone Soup version 0.30.0 (webtiles) character file.

Game seed: 15801033554433608516

6652 Lobster4 the Skirmisher (level 10, 0/73 HPs)
             Began as a Minotaur Hunter on May 6, 2023.
             Was a Believer of Hepliaklqana.
             Killed from afar by a deep elf pyromancer (4 damage)
             ... with a sticky flame
             ... on level 9 of the Dungeon.
             The game lasted 00:26:57 (10265 turns).

Lobster4 the Skirmisher (Minotaur Hunter)          Turns: 10265, Time: 00:26:58

Health: 0/73       AC:  9    Str: 16    XL:     10   Next: 73%
Magic:  13/13      EV: 14    Int:  6    God:    Hepliaklqana [**....]
Gold:   91         SH:  0    Dex: 18    Spells: 13/15 levels left

rFire   . . .        x - +3 battleaxe
rCold   . . .        (shield currently unavailable)
rNeg    . . .        l - +2 robe {Will+}
rPois   .            (helmet restricted)
rElec   .            o - +0 cloak
rCorr   .            s - +1 pair of gloves
SInv    .            E - +0 pair of boots
Will    +....        (no amulet)
Stlth   +            (no ring)
HPRegen 0.32/turn    (no ring)
MPRegen 0.13/turn

%: no passive effects
@: on fire, glowing
A: reduced essence, horns 2, retaliatory headbutt
a: Renounce Religion, Recall Ancestor, Ancestor Identity


You were on level 9 of the Dungeon.
You worshipped Hepliaklqana.
Hepliaklqana was pleased with you.
You visited 2 branches of the dungeon, and saw 10 of its levels.

You collected 453 gold pieces.
You spent 362 gold pieces at shops.

Inventory:

Hand Weapons
 a - a +1 shortbow
 b - a +0 short sword
 f - a +4 scimitar of flaming
 t - a +2 long sword of freezing
 u - a +0 sling
 w - a +6 mace
 x - a +3 battleaxe (weapon)
Missiles
 c - 6 curare-tipped darts
 n - 21 poisoned darts (quivered)
Armour
 g - a +0 ring mail
 l - a +2 robe of willpower (worn)
 o - a +0 cloak (worn)
 p - +0 steam dragon scales
 s - a +1 pair of gloves (worn)
 E - a +0 pair of boots (worn)
Jewellery
 i - a ring of willpower
 k - an amulet of the acrobat
 q - a ring of resist corrosion
Wands
 z - a wand of iceblast (3)
 C - a wand of quicksilver (13)
 D - a wand of flame (6)
Scrolls
 e - 7 scrolls of teleportation
 j - 4 scrolls of immolation
 y - a scroll of identify
Potions
 d - 2 potions of mutation
 h - 2 potions of might
 m - a potion of invisibility
 r - 2 potions of ambrosia
 v - 3 potions of brilliance
 A - 2 potions of curing
 B - a potion of lignification


   Skills:
 + Level 5.6 Fighting
 - Level 3.0 Short Blades
 - Level 0.1(2.0) Long Blades
 * Level 3.7 Axes
 * Level 13.1 Ranged Weapons
 - Level 2.0 Throwing
 * Level 5.8 Armour
 * Level 4.7 Dodging
 - Level 1.0 Stealth
 - Level 3.0 Spellcasting
 - Level 3.0 Transmutations
 - Level 3.0 Invocations
 * Level 2.3 Evocations


You had 13 spell levels left.
You knew the following spells:

 Your Spells              Type           Power      Damage    Failure   Level
a - Wereblood             Tmut           4%         N/A       16%         2

Your spell library contained the following spells:

 Spells                   Type           Power      Damage    Failure   Level
 Cigotuvi's Dreadful Rot  Necr/Pois/Air  0%         N/A       50%         2
 Sublimation of Blood     Necr           0%         N/A       50%         2
 Ignite Poison            Fire/Tmut/Pois 2%         N/A       58%         3
 Freezing Cloud           Conj/Ice/Air   0%         6-21      100%        5
 Summon Hydra             Summ           0%         N/A       100%        7
 Borgnjor's Revivificati  Necr           0%         N/A       100%        8
 Necromutation            Tmut/Necr      1%         N/A       100%        8
 Death's Door             Necr           0%         N/A       100%        9


Dungeon Overview and Level Annotations

Branches:
Dungeon (9/15)             Temple (1/1) D:5
   Lair: D:8-11         Orc: D:9-12

Altars:
Ashenzari
Cheibriados
Dithmenos
Elyvilon
Fedhas
Gozag
Hepliaklqana
Kikubaaqudgha
Makhleb
Nemelex Xobeh
Okawaru
Qazlal
Ru
Sif Muna
Trog
Uskayaw
Vehumet
Wu Jian
Xom
Yredelemnul
Zin
The Shining One
Lugonu

Shops:
D:2 !   D:8 [

Portals:
Abyss: D:6 D:8

Annotations:
D:5 3 runed translucent doors, Jase's ghost, amateur BaSu
D:6 2 runed translucent doors, Eustachio
D:8 2 transporters, viagra's ghost, novice MiBe


Innate Abilities, Weirdness & Mutations

Your life essence is reduced to manifest your ancestor. (-10% HP)
You have a pair of horns on your head.
You reflexively headbutt those who attack you in melee.


Message History

You shoot an arrow.
The arrow barely misses the deep elf pyromancer.
The fire elemental hits you. The fire elemental burns you!
You shoot an arrow. The arrow hits the deep elf pyromancer.
The deep elf pyromancer is lightly wounded.
The deep elf pyromancer closely misses you.
The fire elemental closely misses you.
You shoot an arrow.
The arrow hits the deep elf pyromancer but does no damage.
The deep elf pyromancer is lightly wounded.
The deep elf pyromancer hits you with a +0 long sword.
Takurtum hits the fire elemental but does no damage.
The fire elemental closely misses you. The fire elemental barely misses you.
You shoot an arrow. The arrow misses the fire elemental.
The fire elemental misses you.
The deep elf pyromancer points at you and mumbles some strange words.
The bolt of fire misses you. The fire elemental hits you.
The fire elemental burns you!
You shoot an arrow. The arrow hits the deep elf pyromancer.
The deep elf pyromancer is lightly wounded.
The fire elemental hits you. The fire elemental burns you!
Takurtum misses the fire elemental.
The fire elemental hits you. The fire elemental burns you!
The deep elf pyromancer hits you with a +0 long sword.
* * * LOW HITPOINT WARNING * * *
You feel better. The fire elemental misses you. You furiously retaliate!
You headbutt the fire elemental. The fire elemental misses you.
The deep elf pyromancer hits you with a +0 long sword.
Takurtum closely misses the fire elemental.
The fire elemental hits you. The fire elemental burns you!
* * * LOW HITPOINT WARNING * * *
x - a +3 battleaxe (weapon)
The fire elemental hits you. The fire elemental burns you!
* * * LOW HITPOINT WARNING * * *
You feel better. The fire elemental hits you. The fire elemental burns you!
* * * LOW HITPOINT WARNING * * *
The deep elf pyromancer points at you and mumbles some strange words.
The sticky flame hits you.
You are covered in liquid flames!
You die...

#y.#..#.#.###.#.#..# #..
#.##[#...##.##..)#.# #..
## ##...##...##...# # ..
#. ####☼.# #.)#####.#.#.
#..#..### ###†.#..#.##.
#...#######...##.# #.
#.####°......####.# #.
###...EeER.)......######
.......@..............##
........................
.............)........).
........................
#####+#####.............
#...########.. #...# #..
#...# #)# #... #.#


You could see the friendly Takurtum the knight, a deep elf pyromancer and 2 fire
elementals.

Vanquished Creatures
  Erica (D:8)
  Pikel (D:5)
  An efreet (D:9)
  Sigmund (D:4)
  A wyvern (D:5)
  2 steam dragons (D:8)
  Menkaure (D:7)
  A water moccasin (D:5)
  Duvessa (D:5)
  2 orc warriors (D:7)
  3 sky beasts
  An ice beast (D:7)
  2 ogres
  A black bear (D:5)
  3 lemures
  2 phantoms
  A scorpion (D:5)
  2 bullfrogs
  10 wights
  Dowan (D:5)
  13 killer bees
  5 howler monkeys
  3 jellies
  5 hounds
  Jessica (D:3)
  Natasha (thrice) (D:3)
  3 iguanas
  2 orc wizards (D:7)
  A gnoll (D:9)
  8 adders
  A shadow imp (D:6)
  A white imp (D:6)
  An ufetubus (D:6)
  4 worms
  2 dart slugs
  6 orcs
  8 ball pythons
  2 bats (D:2)
  7 endoplasms
  4 giant cockroaches
  3 goblins
  3 hobgoblins
  3 jackals (D:4)
  6 quokkas
  6 frilled lizards
  A kobold (D:4)
  8 rats
148 creatures vanquished.

Vanquished Creatures (collateral kills)
  A hornet (D:8)
  Grinder (D:3)
  2 water moccasins (D:8)
  An ice beast (D:7)
  An orc warrior (D:9)
  A centaur (D:9)
  A gnoll sergeant (D:9)
  5 wights
  A killer bee (D:9)
  3 howler monkeys
  Terence (D:3)
  A gnoll (D:9)
  2 orcs (D:7)
21 creatures vanquished.

Vanquished Creatures (others)
  7 ancestors
  33 plants (D:4)
40 creatures vanquished.

Grand Total: 209 creatures vanquished

Notes
Turn   | Place    | Note
-------+----------+-------------------------------------------
     0 | D:1      | Lobster4 the Minotaur Hunter began the quest for the Orb.
     0 | D:1      | Reached XP level 1. HP: 18/18 MP: 0/0
   151 | D:1      | Reached XP level 2. HP: 23/25 MP: 1/1
   399 | D:2      | Reached skill level 5 in Ranged Weapons
   427 | D:2      | Reached skill level 1 in Armour
   427 | D:2      | Reached XP level 3. HP: 30/30 MP: 2/2
   484 | D:2      | Found Laqiub's Distillery.
   491 | D:2      | Bought 2 potions of degeneration for 28 gold pieces
   667 | D:2      | Learned a level 2 spell: Wereblood
   815 | D:2      | Reached XP level 4. HP: 22/37 MP: 3/3
  1409 | D:3      | Noticed Grinder
  1541 | D:4      | Reached skill level 6 in Ranged Weapons
  1549 | D:4      | Found a broken altar of Ashenzari.
  1688 | D:4      | Noticed a phantom
  1703 | D:4      | Killed a phantom
  1704 | D:4      | Reached XP level 5. HP: 15/45 MP: 4/4
  1856 | D:4      | Reached skill level 1 in Transmutations
  1898 | D:4      | Noticed Sigmund
  1912 | D:4      | Killed Sigmund
  1913 | D:4      | Reached skill level 7 in Ranged Weapons
  1913 | D:4      | Reached XP level 6. HP: 47/51 MP: 4/6
  2532 | D:2      | Bought a potion of mutation for 112 gold pieces
  2608 | D:5      | Entered Level 5 of the Dungeon
  2633 | D:5      | Reached skill level 1 in Short Blades
  2633 | D:5      | Reached skill level 1 in Spellcasting
  2633 | D:5      | Reached XP level 7. HP: 57/57 MP: 7/7
  2689 | D:5      | Reached skill level 8 in Ranged Weapons
  2723 | D:5      | Found a staircase to the Ecumenical Temple.
  2742 | Temple   | Entered the Ecumenical Temple
  2897 | Temple   | Became a worshipper of Hepliaklqana the Forgotten
  3120 | D:5      | Noticed Pikel
  3329 | D:5      | Found a white marble altar of Elyvilon.
  3554 | D:5      | Noticed a wyvern
  3559 | D:5      | Killed a wyvern
  3560 | D:5      | Reached skill level 9 in Ranged Weapons
  3560 | D:5      | Reached skill level 1 in Invocations
  3560 | D:5      | Reached XP level 8. HP: 64/64 MP: 9/9
  3677 | D:5      | Noticed Dowan
  3713 | D:5      | Found an opulent altar of Gozag.
  3987 | D:5      | Found a runed translucent gate.
  3987 | D:5      | Found a runed translucent gate.
  3987 | D:5      | Found a runed translucent gate.
  3988 | D:5      | Noticed Jase's ghost (amateur BaSu)
  4362 | D:6      | Noticed Eustachio
  4425 | D:6      | Found a large runed translucent door.
  4426 | D:6      | Found a large runed translucent door.
  4533 | D:6      | Found a one-way gate to the infinite horrors of the Abyss.
  4533 | D:6      | Identified the +3 rapier "Waobahic" {distort, Dex+6}
  4711 | D:6      | Reached * piety under Hepliaklqana
  5198 | D:6      | Found a corrupted altar of Lugonu.
  5274 | D:7      | Found a sacrificial altar of Ru.
  5274 | D:7      | Found a burning altar of Makhleb.
  5439 | D:7      | Reached skill level 10 in Ranged Weapons
  5439 | D:7      | Reached skill level 1 in Stealth
  5641 | D:7      | Found a hide-covered altar of Uskayaw.
  5703 | D:7      | Reached XP level 9. HP: 63/63 MP: 9/11
  5877 | D:7      | Found a basalt altar of Yredelemnul.
  6094 | D:7      | Noticed Menkaure
  6101 | D:7      | Killed Menkaure
  6102 | D:7      | Reached skill level 1 in Axes
  6123 | D:7      | Reached skill level 11 in Ranged Weapons
  6753 | D:8      | Found an iron altar of Okawaru.
  6878 | D:5      | Noticed Duvessa
  6901 | D:5      | Killed Duvessa
  6902 | D:5      | Reached skill level 1 in Throwing
  6911 | D:5      | Killed Dowan
  7014 | D:2      | Bought a potion of curing for 42 gold pieces
  7014 | D:2      | Bought a potion of lignification for 42 gold pieces
  7014 | D:2      | Bought 2 potions of curing for 84 gold pieces
  7088 | D:3      | Noticed Jessica
  7092 | D:3      | Killed Jessica
  7106 | D:3      | Reached ** piety under Hepliaklqana
  7107 | D:3      | Remembered your ancestor Takurtum as a knight
  7162 | D:3      | Noticed Terence
  7165 | D:3      | Killed Terence
  7199 | D:3      | Killed Grinder
  7268 | D:3      | Noticed Natasha
  7274 | D:3      | Killed Natasha
  7800 | D:3      | Noticed Natasha
  7803 | D:3      | Killed Natasha
  8196 | D:3      | Noticed Natasha
  8203 | D:3      | Killed Natasha
  8970 | D:5      | Killed Pikel
  8971 | D:5      | Reached skill level 1 in Evocations
  9107 | D:8      | Found an ancient bone altar of Kikubaaqudgha.
  9226 | D:8      | Reached XP level 10. HP: 72/72 MP: 12/12
  9290 | D:8      | Found a bloodstained altar of Trog.
  9322 | D:8      | Reached skill level 5 in Fighting
  9354 | D:8      | Found Wotomama's Armour Shop.
  9359 | D:8      | Bought a +0 pair of boots for 54 gold pieces
  9370 | D:8      | Noticed Erica
  9451 | D:9      | Reached skill level 12 in Ranged Weapons
  9464 | D:9      | Reached skill level 5 in Armour
  9559 | D:8      | Killed Erica
  9758 | D:8      | Noticed viagra's ghost (novice MiBe)
  9770 | D:8      | Found a transporter.
  9778 | D:8      | Noticed a sun demon
  9788 | D:8      | Found a transporter.
  9835 | D:8      | Identified the +0 robe of a Labyrinth {Drain +Blink Will+}
 10174 | D:9      | Reached skill level 13 in Ranged Weapons
 10236 | D:9      | Noticed a deep elf pyromancer
 10265 | D:9      | Killed from afar by a deep elf pyromancer

Illustrated notes

Levels and vault maps discovered:
D:1:      dpeg_arrival_prison, layout_rooms
D:2:      layout_basic, serial_shops, nicolae_shop_industrial_runoff,
          serial_glass, glass_columns_a, glass_columns_c, glass_columns_b,
          glass_columns_b
D:3:      layout_loops_corners, minmay_fountain_box, uniq_grinder, uniq_natasha,
          uniq_terence, uniq_jessica
D:4:      layout_loops_ring, evilmike_ruin_ashenzari, serial_bayou,
          serial_bayou_pond_c, serial_bayou_pond_c, serial_bayou_pond_b,
          serial_bayou_crossing, uniq_sigmund
D:5:      layout_basic, elyvilon_altar_5, nicolae_gozag_seed_capital,
          temple_pool_b, gammafunk_ghost_necromancy, uniq_pikel, uniq_duvessa
D:6:      due_chaos_kobolds, layout_gridville, serial_shops,
          kennysheep_little_box, uniq_eustachio
D:7:      layout_layer_cave, lemuel_doored_altar, lemuel_tele_altar,
          chequers_temple_overflow_statue_of_worship, kennysheep_generic_room_9,
          uniq_menkaure
D:8:      layout_basic, lemuel_crystal_altar, mainiacjoe_overflow_alcove_1,
          lemuel_crystal_altar, gammafunk_ghost_abyssal_escape, serial_shops,
          shop, serial_bayou_pond_a, minmay_fractal_squares_gapless_5,
          uniq_erica
D:9:      minmay_ornate_pinched, layout_irregular_city,
          kennysheep_cluttered_room
Temple:   hellmonk_temple_flake

Skill      XL: |  1  2  3  4  5  6  7  8  9 10 |
---------------+-------------------------------+-----
Ranged Weapons | 5 6 7 9 10 11 13 | 13.1
Armour         | 1 2 3 4 5 |  5.8
Fighting       | 3 4 5 |  5.6
Transmutations | 1 2 3 |  3.0
Short Blades   | 1 2 3 |  3.0
Spellcasting   | 1 2 3 |  3.0
Invocations    | 1 2 3 |  3.0
Stealth        | 1 |  1.0
Dodging        | 3 4 |  4.7
Axes           | 2 3 |  3.7
Throwing       | 1 2 |  2.0
Evocations     | 1 2 |  2.3
Long Blades    | |  0.1

Action                     |  1- 3 |  4- 6 |  7- 9 | 10-12 || total
---------------------------+-------+-------+-------+-------++-------
  Melee: Short sword       |       |     3 |       |       ||     3
         Headbutt          |       |     1 |       |       ||     1
         Battleaxe         |       |       |       |     3 ||     3
   Fire: Shortbow          |    89 |   120 |   372 |   150 ||   731
 Invoke: Ancestor Life: Kn |       |       |     1 |       ||     1
    Use: Scroll            |       |     6 |     7 |     4 ||    17
         Potion            |       |     1 |     6 |     3 ||    10
 Armour: Leather armour    |    10 |     5 |     8 |       ||    23
         Ring mail         |       |       |    22 |     3 ||    25
         Robe              |       |       |       |    14 ||    14
  Dodge: Dodged            |    12 |    28 |    75 |    22 ||   137
